AoeStats
← Shawn96

Nomad

509467300Analyzed
4v4 RM · 5d ago on Sep 26, 2026· 32m 0s· 8 players
Game mode
Random Map
Map size
231×231
Population
200
Speed
Normal
Resources
Standard
Victory
Conquest
Starting age
Dark Age
Ending age
Imperial Age
RankedLock teamsTeams togetherTeam positionsShared explorationLock speedFull tech treeHidden civsTurbo modeCheats
Victory
Defeat
🇮🇹 Goths · Italy
1303
+15
🇨🇦 Japanese · Canada
1298
+15
🇬🇧 Vikings · United Kingdom
1259
+17
🇺🇸 Poles · United States
1153
+21
🇲🇽 Vikings · Mexico
1293
-18
🇩🇪 Saracens · Germany
1274
-17
🇲🇽 Mongols · Mexico
1265
-17
🇩🇪 Poles · Germany
1261
-16
Johnson
3:18 Loom
14:14 Feudal Age
15:08 Double-Bit Axe
21:24 Castle Age
20:01 Gold Mining
20:33 Stone Mining
23:27 Fletching
24:05 Bodkin Arrow
25:31 Forging
25:31 Man-at-Arms
26:17 Long Swordsman
28:32 Iron Casting
27:48 Gambesons
30:11 Horse Collar
david.indie108
5:49 Loom
15:42 Feudal Age
16:18 Double-Bit Axe
16:00 Man-at-Arms
17:16 Scale Mail Armor
18:03 Forging
19:08 Town Watch
21:54 Gold Mining
21:55 Stone Mining
22:11 Fishing Lines
25:34 Castle Age
26:30 Bow Saw
26:00 Horse Collar
27:05 Fletching
27:15 Padded Archer Armor
27:05 Crossbowman
27:48 Bodkin Arrow
pirate.king7
8:27 Loom
12:37 Feudal Age
13:57 Double-Bit Axe
16:31 Scale Barding Armor
16:45 Bloodlines
17:09 Forging
21:51 Castle Age
20:15 Horse Collar
23:24 Bow Saw
23:11 Gold Mining
26:30 Husbandry
27:09 Wheelbarrow
30:13 Hand Cart
30:41 Heavy Plow
Naco y Estúpido
13:34 Feudal Age
14:35 Feudal Age
18:56 Castle Age
17:21 Gold Mining
17:22 Double-Bit Axe
18:18 Fletching
18:28 Padded Archer Armor
18:59 Loom
19:56 Bodkin Arrow
20:16 Leather Archer Armor
20:09 Gold Mining
20:34 Bow Saw
21:36 Bloodlines
21:26 Husbandry
23:32 Thumb Ring
26:14 Ballistics
29:13 Horse Collar
32:01 Wheelbarrow
31:32 Heavy Plow
Shawn96
10:39 Loom
12:59 Feudal Age
13:38 Double-Bit Axe
13:18 Man-at-Arms
15:42 Fishing Lines
15:59 Arson
18:18 Gold Mining
21:49 Wheelbarrow
23:16 Castle Age
21:16 Fletching
21:54 Padded Archer Armor
23:04 Bloodlines
23:55 Bodkin Arrow
24:17 Leather Archer Armor
24:17 Gillnets
25:02 Bow Saw
26:40 Gold Shaft Mining
27:13 Ballistics
27:14 Husbandry
28:40 Thumb Ring
29:44 Stone Mining
31:39 Sanctity
31:30 Fervor
LE Lamechara
8:35 Loom
13:41 Feudal Age
18:52 Castle Age
17:42 Double-Bit Axe
19:46 Horse Collar
20:51 Heavy Plow
23:18 Fletching
26:41 Fervor
29:37 Redemption
29:48 Sanctity
32:35 Wheelbarrow
31:46 Town Watch
Calum1Ltv
5:00 Loom
13:04 Feudal Age
13:39 Double-Bit Axe
15:43 Town Watch
17:38 Fishing Lines
20:55 Horse Collar
23:17 Castle Age
22:18 Forging
21:59 Fletching
23:41 Crossbowman
24:32 Bodkin Arrow
26:18 Gillnets
27:56 Iron Casting
29:15 Padded Archer Armor
30:32 Leather Archer Armor
34:49 Imperial Age
MLT | Bombad Gastald
3:20 Loom
15:03 Feudal Age
18:47 Castle Age
18:40 Double-Bit Axe
20:51 Bow Saw
20:27 Horse Collar
21:55 Scale Mail Armor
Connection lost

Rejoining the realm…

Still unreachable

The connection could not be restored.

Session expired

The server has moved on; the page needs a fresh start.